 Dungeon Crawl Stone Soup version 0.27-a0-577-ge2a43ba0c9 (webtiles) character file.

Game seed: 619468097515124168

98 siradein the Sneak (level 4, -1/38 HPs)
             Began as a Gnoll Brigand on Mar 10, 2021.
             Slain by an orc
             ... wielding a +0 war axe
              (9 damage)
             ... on level 3 of the Dungeon.
             The game lasted 00:04:06 (2518 turns).

siradein the Sneak (Gnoll Brigand)                  Turns: 2518, Time: 00:04:06

Health: -1/38      AC:  7    Str: 10    XL:     4   Next: 71%
Magic:  5/5        EV:  4    Int: 10    God:
Gold:   52         SH: 10    Dex: 15    Spells: 5/5 levels left

rFire    . . .     SeeInvis .   h - +0 spear
rCold    . . .     Faith    .   r - +0 tower shield
rNeg     . . .     Spirit   .   k - +0 scale mail
rPois    .         Reflect  .   (no helmet)
rElec    .         Harm     .   c - +0 cloak
rCorr    .         Rampage  .   (no gloves)
Will     .....                  (no boots)
Stlth    ++........             (no amulet)
HPRegen  0.12/turn              (no ring)
MPRegen  0.09/turn              (no ring)

@: no status effects
A: fangs 1, strong nose, distributed training
a: no special abilities


You were on level 3 of the Dungeon.
You visited 1 branch of the dungeon, and saw 3 of its levels.

You collected 52 gold pieces.

Inventory:

Hand Weapons
 a - a +2 dagger
 h - a +0 spear (weapon)
Missiles
 b - 4 datura-tipped darts
 d - 13 poisoned darts (quivered)
 e - 2 curare-tipped darts
 f - 7 silver javelins
 j - 12 arrows
Armour
 c - a +0 cloak (worn)
 k - a +0 scale mail (worn)
 m - a +2 buckler
 r - a +0 tower shield (worn)
Scrolls
 g - 2 scrolls of enchant armour {unknown}
 l - 2 scrolls of magic mapping {unknown}
 n - 2 scrolls of identify {unknown}
 p - 4 scrolls of teleportation {unknown}
Potions
 i - 2 potions of flight {unknown}
 o - a potion of might {unknown}
 q - a potion of curing {unknown}
 s - 3 potions of heal wounds {unknown}


   Skills:
 + Level 4.7 Fighting
 + Level 4.7 Short Blades
 + Level 1.2 Long Blades
 + Level 1.2 Axes
 + Level 1.2 Maces & Flails
 + Level 1.2 Polearms
 + Level 1.2 Staves
 + Level 1.2 Slings
 + Level 1.2 Bows
 + Level 1.2 Crossbows
 + Level 4.7 Throwing
 + Level 1.2 Armour
 + Level 2.8 Dodging
 + Level 7.8 Stealth
 + Level 1.2 Shields
 + Level 1.2 Unarmed Combat
 + Level 1.2 Spellcasting
 + Level 1.0 Conjurations
 + Level 1.0 Hexes
 + Level 1.0 Summonings
 + Level 1.0 Necromancy
 + Level 1.0 Translocations
 + Level 1.0 Transmutations
 + Level 1.0 Fire Magic
 + Level 1.0 Ice Magic
 + Level 1.0 Air Magic
 + Level 1.0 Earth Magic
 + Level 1.0 Poison Magic
 + Level 1.3 Invocations
 + Level 1.2 Evocations


You had 5 spell levels left.
You didn't know any spells.
Your spell library was empty.

Dungeon Overview and Level Annotations

Branches:
Dungeon (3/15)

Altars:
Elyvilon
Gozag
Okawaru
Wu Jian


Innate Abilities, Weirdness & Mutations

You have very sharp teeth.
Your uncanny sense of smell can sniff out nearby items.
Your experience applies equally to all skills.


Message History

The orc hits you but does no damage.
You closely miss the orc. You block the orc's attack.
The orc hits you but does no damage.
You barely miss the orc. You block the orc's attack. x2
You hit the orc.
The orc is heavily wounded.
The orc hits you but does no damage. x3
The orc shouts!
You hit the orc but do no damage. Your bite misses the orc.
The orc is moderately wounded.
The orc hits you with a +0 mace. You block the orc's attack. x2
You closely miss the orc.
The orc is moderately wounded.
You block the orc's attack. The orc hits you with a +0 mace.
The orc hits you but does no damage.
You hit the orc.
You kill the orc!
The orc hits you with a +0 mace. You block the orc's attack.
You see here an orc corpse.
You hit the orc. Your bite misses the orc.
The orc is lightly wounded.
The orc hits you with a +0 war axe. The orc hits you but does no damage.
The orc hits you with a +0 war axe!
You closely miss the orc.
The orc is lightly wounded.
The orc hits you but does no damage. The orc hits you with a +0 war axe.
You hit the orc.
The orc is heavily wounded.
The orc barely misses you. The orc hits you with a +0 war axe!
* * * LOW HITPOINT WARNING * * *
You block the orc's attack.
You hit the orc.
You kill the orc!
The orc hits you with a +0 war axe.
* * * LOW HITPOINT WARNING * * *
You hit the orc.
The orc is heavily wounded.
The orc hits you with a +0 war axe!
You die...

... .... ######...
....#####....#..##
#..............
.##....<........
........(......#
...............####.#
#.............#).....#
..#####<......o@...#
....###...........##
#...........#...#
#...#....$..#......
#...........#.>.##..
....#........#....# ..
##.$#..##.......... .
#. #.. ####........
.... ###...#.


You could see an orc.

Vanquished Creatures
  A gnoll (D:2)
  3 adders (D:2)
  An ooze (D:1)
  A dart slug (D:1)
  A leopard gecko (D:2)
  4 orcs
  4 bats
  3 giant cockroaches
  3 goblins
  7 hobgoblins
  6 jackals
  2 ball pythons
  7 kobolds
  4 rats
47 creatures vanquished.

Notes
Turn   | Place    | Note
-------+----------+-------------------------------------------
     0 | D:1      | siradein the Gnoll Brigand began the quest for the Orb.
     0 | D:1      | Reached XP level 1. HP: 20/20 MP: 1/1
   277 | D:1      | Reached XP level 2. HP: 15/26 MP: 2/2
  1018 | D:1      | Reached XP level 3. HP: 31/31 MP: 3/3
  1301 | D:2      | Reached skill level 1 in Invocations
  1586 | D:2      | Reached skill level 1 in Long Blades
  1586 | D:2      | Reached skill level 1 in Axes
  1586 | D:2      | Reached skill level 1 in Maces & Flails
  1586 | D:2      | Reached skill level 1 in Polearms
  1586 | D:2      | Reached skill level 1 in Staves
  1586 | D:2      | Reached skill level 1 in Slings
  1586 | D:2      | Reached skill level 1 in Bows
  1586 | D:2      | Reached skill level 1 in Crossbows
  1586 | D:2      | Reached skill level 1 in Armour
  1586 | D:2      | Reached skill level 1 in Shields
  1586 | D:2      | Reached skill level 1 in Unarmed Combat
  1586 | D:2      | Reached skill level 1 in Spellcasting
  1586 | D:2      | Reached skill level 1 in Evocations
  1678 | D:2      | Found an ornate altar of the Wu Jian Council.
  1679 | D:2      | Found a white marble altar of Elyvilon.
  1729 | D:2      | Reached XP level 4. HP: 35/38 MP: 5/5
  1762 | D:2      | Found an opulent altar of Gozag.
  1861 | D:2      | Found an iron altar of Okawaru.
  2382 | D:2      | Reached skill level 1 in Conjurations
  2382 | D:2      | Reached skill level 1 in Hexes
  2382 | D:2      | Reached skill level 1 in Summonings
  2382 | D:2      | Reached skill level 1 in Necromancy
  2382 | D:2      | Reached skill level 1 in Translocations
  2382 | D:2      | Reached skill level 1 in Transmutations
  2382 | D:2      | Reached skill level 1 in Fire Magic
  2382 | D:2      | Reached skill level 1 in Ice Magic
  2382 | D:2      | Reached skill level 1 in Air Magic
  2382 | D:2      | Reached skill level 1 in Earth Magic
  2382 | D:2      | Reached skill level 1 in Poison Magic
  2518 | D:3      | Slain by an orc

Illustrated notes

Levels and vault maps discovered:
D:1:      wander_arrival_desolate, layout_loops_ring
D:2:      layout_basic, okawaru_altar_gauntlet_db,
          gammafunk_temple_overflow_pools, grunt_gozag_breadcrumbs
D:3:      layout_rooms, grunt_temple_overflow_magic_moments,
          nemelex_xobeh_ov_fountains_minmay,
          chequers_ecumenical_altar_simple_redux, hangedman_feature_mirror

Skill      XL: |  1  2  3  4 |
---------------+-------------+-----
Invocations    | 1 |  1.3
Long Blades    | 1 |  1.2
Axes           | 1 |  1.2
Maces & Flails | 1 |  1.2
Polearms       | 1 |  1.2
Staves         | 1 |  1.2
Slings         | 1 |  1.2
Bows           | 1 |  1.2
Crossbows      | 1 |  1.2
Armour         | 1 |  1.2
Shields        | 1 |  1.2
Unarmed Combat | 1 |  1.2
Spellcasting   | 1 |  1.2
Evocations     | 1 |  1.2
Conjurations   | 1 |  1.0
Hexes          | 1 |  1.0
Summonings     | 1 |  1.0
Necromancy     | 1 |  1.0
Translocations | 1 |  1.0
Transmutations | 1 |  1.0
Fire Magic     | 1 |  1.0
Ice Magic      | 1 |  1.0
Air Magic      | 1 |  1.0
Earth Magic    | 1 |  1.0
Poison Magic   | 1 |  1.0
Fighting       | |  4.7
Short Blades   | |  4.7
Throwing       | |  4.7
Dodging        | |  2.8
Stealth        | |  7.8

Action                   |  1- 3 |  4- 6 || total
-------------------------+-------+-------++-------
Melee: Spear             |   144 |   105 ||   249
       Dagger            |     4 |       ||     4
       Bite              |    14 |     3 ||    17
 Stab: Sleeping          |     7 |       ||     7
Armor: Robe              |    20 |       ||    20
       Scale mail        |    62 |    64 ||   126
Dodge: Dodged            |   101 |    44 ||   145
Block: Buckler           |     2 |    20 ||    22
       Tower shield      |       |    67 ||    67

Table legend: (Time is in decaauts)
 A = Elapsed time spent in this place.
 B = Non-inter-level travel time spent in this place.
 C = Inter-level travel time spent in this place.
 D = Time resting spent in this place.
 E = Time spent auto-exploring this place.
 F = Levels seen in this place.
 G = Mean time per level.
                   A        B        C        D        E       F      G
               +--------+--------+--------+--------+--------+-----+--------+
         Total |   2562 |   2527 |     35 |    145 |   1764 |   3 |  854.0 |
       Dungeon |   2562 |   2527 |     35 |    145 |   1764 |   3 |  854.0 |
               +--------+--------+--------+--------+--------+-----+--------+

Top non-repeatable levels by time:
     D:1: 1268 daAuts
     D:2: 1104 daAuts
     D:3: 189 daAuts
